[Event "Titled Tuesday Blitz June 20 Late 2023"]
[White "Banzea, Alexandru-Bogdan"]
[Black "Yuan, Qingyu"]
[WhiteFideId "1232622"]
[BlackFideId "8609772"]
[WhiteElo "2294"]
[BlackElo "2359"]
[Result "0-1"]
[Round "7"]
[TimeControl "180+2"]
[Date "2023.06.20"]
[WhiteClock "0:00:02"]
[BlackClock "0:00:05"]
[Board "53"]

1. d4 Nf6 2. Nc3 d5 3. Bf4 c5 4. e3 cxd4 5. exd4 a6 6. Bd3 Nc6 7. Nge2 Nb4 8. f3 g6 9. a3 Nxd3+ 10. Qxd3 Bf5 11. Qd2 h5 12. Nd1 Qb6 13. c3 Bg7 14. Ne3 Bd7 15. Nc1 h4 16. Nd3 e6 17. Be5 Bb5 18. Nc5 Bc6 19. a4 a5 20. O-O Qd8 21. Ng4 O-O 22. Nxf6+ Bxf6 23. Nd3 Bg5 24. Bf4 Bf6 25. Ne5 Re8 26. g3 g5 27. Be3 hxg3 28. hxg3 Kg7 29. f4 Rh8 30. fxg5 Bxe5 31. dxe5 d4 32. Qxd4 Rh1+ 33. Kf2 Rh2+ 34. Ke1 Qxd4 35. Bxd4 Rxb2 36. Rf2 Rh8 37. Rxb2 Rh1+ 38. Kd2 Rxa1 39. Ke3 Rxa4 40. Kf4 Ra1 41. c4 Re1 42. Be3 Rf1+ 43. Kg4 Bf3+ 44. Kf4 Be2+ 45. Ke4 Bxc4 46. Kd4 Bd5 47. Bd2 a4 48. Bb4 Rc1 49. Be7 Rc4+ 50. Ke3 a3 51. Bf6+ Kg6 52. Rh2 Kf5 53. g4+ Kxg4 54. Rg2+ Bxg2 0-1


[Site "https://www.chess.com"]

[Event "Titled Tuesday Blitz June 20 Late 2023"]
[White "Turayev, Shahruh"]
[Black "Maiti, Milind"]
[WhiteFideId "14003856"]
[BlackFideId "2090767"]
[WhiteElo "2113"]
[BlackElo "2150"]
[Result "1-0"]
[Round "7"]
[TimeControl "180+2"]
[Date "2023.06.20"]
[WhiteClock "0:01:35"]
[BlackClock "0:00:29"]
[Board "54"]

1. e4 c5 2. Nc3 e6 3. g3 d5 4. exd5 exd5 5. d4 Nc6 6. Nge2 Bg4 7. dxc5 Bf3 8. Rg1 Bxc5 9. Bg2 Bxg2 10. Rxg2 Nf6 11. Bg5 O-O 12. Bxf6 Qxf6 13. Qxd5 Bb6 14. O-O-O Rad8 15. Qh5 Rxd1+ 16. Nxd1 Rd8 17. Nec3 Qd4 18. f4 Nb4 19. a3 Nd5 20. Rd2 1-0


[Site "https://www.chess.com"]

[Event "Titled Tuesday Blitz June 20 Late 2023"]
[White "Sreyas Payyappat"]
[Black "Fernandez Guillen, Ernesto J."]
[WhiteFideId "46674969"]
[BlackFideId "3512428"]
[WhiteElo "2043"]
[BlackElo "2434"]
[Result "1-0"]
[Round "7"]
[TimeControl "180+2"]
[Date "2023.06.20"]
[WhiteClock "0:00:13"]
[BlackClock "0:00:18"]
[Board "55"]

1. e4 e5 2. Nf3 Nc6 3. Bc4 g6 4. d4 exd4 5. Nxd4 Bg7 6. Be3 Nge7 7. Nc3 O-O 8. Qd2 Ne5 9. Be2 d5 10. O-O-O c5 11. Nb3 d4 12. Nxc5 N5c6 13. Bg5 f6 14. Bc4+ Kh8 15. Bf4 Qa5 16. N3a4 Qd8 17. Nb3 f5 18. e5 a6 19. Nxd4 Nxd4 20. Qxd4 Qxd4 21. Rxd4 Nc6 22. Rd6 Nxe5 23. Nb6 Nxc4 24. Nxc4 b5 25. Nb6 Ra7 26. Rhd1 Raf7 27. Rd8 Bb7 28. Rxf8+ Rxf8 29. f3 h6 30. Rd7 Bc6 31. Rd6 Rf6 32. Rd8+ Kh7 33. Be5 Re6 34. Bxg7 Kxg7 35. Rc8 Kf6 36. Kd2 h5 37. Rc7 h4 38. Nd7+ Kg5 39. Nf8 Rd6+ 40. Ke3 f4+ 41. Ke2 Bd5 42. Rc5 Kf6 43. Nh7+ Ke5 44. Ng5 Kd4 45. b4 Bc4+ 46. Kf2 Rd5 47. Ne4 Rxc5 48. bxc5 Bxa2 49. c6 Be6 50. c7 Kd5 51. Ng5 Kc6 52. Nxe6 Kd7 53. Nxf4 Kxc7 54. Nxg6 a5 55. Ke2 Kd7 56. Kd2 Kd6 57. Nxh4 Kc5 58. Kc3 a4 59. Nf5 b4+ 60. Kb2 Kc4 61. Ne3+ Kd4 62. Nd1 a3+ 63. Kb3 Kc5 64. c3 bxc3 65. Nxc3 a2 66. Nxa2 Kd4 67. h4 1-0


[Site "https://www.chess.com"]

[Event "Titled Tuesday Blitz June 20 Late 2023"]
[White "Timmermans, Mark"]
[Black "WindWhistler11"]
[WhiteFideId "1026399"]
[WhiteElo "2460"]
[BlackElo "2553"]
[Result "0-1"]
[Round "7"]
[TimeControl "180+2"]
[Date "2023.06.20"]
[WhiteClock "0:01:05"]
[BlackClock "0:00:54"]
[Board "56"]

1. e4 e6 2. Qe2 b6 3. g3 Bb7 4. Bg2 c5 5. Nf3 Nc6 6. O-O d6 7. c3 a5 8. d4 cxd4 9. cxd4 Ba6 10. Qd1 Bxf1 11. Bxf1 Na7 12. Nc3 Be7 13. d5 e5 14. Be3 Nf6 15. Qb3 Rb8 16. Na4 Nd7 17. Bh3 Nc5 18. Nxc5 bxc5 19. Qa4+ Kf8 20. Qc2 Qb6 21. b3 Nb5 22. Nd2 Na3 23. Qc1 Qb4 24. Bg2 h6 25. h4 g6 26. Nf1 Kg7 27. Bd2 Qd4 28. Bc3 Qd3 29. Bxa5 Nc2 30. Rb1 Nd4 31. Qd1 Qxd1 32. Rxd1 Ra8 33. Bc3 Rxa2 34. b4 Ne2+ 0-1


[Site "https://www.chess.com"]

[Event "Titled Tuesday Blitz June 20 Late 2023"]
[White "Haydon, David L"]
[Black "Dushyant Sharma"]
[WhiteFideId "415405"]
[BlackFideId "25065130"]
[WhiteElo "2326"]
[BlackElo "2198"]
[Result "0-1"]
[Round "7"]
[TimeControl "180+2"]
[Date "2023.06.20"]
[WhiteClock "0:00:15"]
[BlackClock "0:00:04"]
[Board "57"]

1. d4 d5 2. Nc3 e6 3. Bf4 Bd6 4. e3 f5 5. Nf3 Nf6 6. Ne5 O-O 7. Bd3 Ne4 8. h4 Bb4 9. Bxe4 fxe4 10. Qg4 c5 11. a3 Ba5 12. dxc5 Bxc3+ 13. bxc3 Nc6 14. Nxc6 bxc6 15. Bd6 Rf7 16. O-O Qf6 17. h5 Ba6 18. Rfb1 Qxf2+ 19. Kh2 Qf5 20. Qh4 Be2 21. h6 g5 22. Qg3 Qg6 23. Re1 Qxh6+ 24. Kg1 Ba6 25. Bf4 Rf5 26. Bd6 Qg6 27. Rad1 h5 28. Rd2 h4 29. Qg4 Rd8 30. g3 Kf7 31. Rh2 Rg8 32. Kh1 Qf6 33. Rg1 Rf1 34. Qh5+ Kg7 35. Rg2 hxg3 36. Rxf1 Qxf1+ 37. Rg1 Qf3+ 38. Qxf3 exf3 39. Rxg3 f2 40. Rxg5+ Kf7 41. Rxg8 f1=Q+ 42. Rg1 Qh3+ 43. Bh2 Be2 44. Rg3 Qf1+ 45. Bg1 Bf3+ 46. Kh2 Qe2+ 47. Kh3 Be4 48. Kh4 Bg6 49. Rg4 Bf5 50. Rg3 Kf6 51. e4 Qxe4+ 52. Kh5 Bg6+ 53. Kh6 Qh4# 0-1


[Site "https://www.chess.com"]

[Event "Titled Tuesday Blitz June 20 Late 2023"]
[White "Adewumi, Tanitoluwa"]
[Black "Ortega Amarelle, Mariano"]
[WhiteFideId "30966396"]
[BlackFideId "3504301"]
[WhiteElo "2670"]
[BlackElo "2392"]
[Result "1-0"]
[Round "7"]
[TimeControl "180+2"]
[Date "2023.06.20"]
[WhiteClock "0:00:05"]
[BlackClock "0:00:05"]
[Board "58"]

1. e4 e6 2. d4 d5 3. exd5 exd5 4. Nf3 Nc6 5. Nc3 Bg4 6. Bd3 Bb4 7. O-O Nge7 8. h3 Bh5 9. a3 Bxc3 10. bxc3 Qd7 11. a4 O-O 12. Bxh7+ Kxh7 13. Ng5+ Kg6 14. g4 Bxg4 15. hxg4 Rh8 16. Re1 Raf8 17. Qd3+ f5 18. Ne6 Rf6 19. Nf4+ Kh7 20. g5 Rff8 21. Ba3 g6 22. Re6 Rf7 23. Rae1 Kg7 24. Qe3 Re8 25. Qh3 Rh8 26. Qe3 Re8 27. Bxe7 Rfxe7 28. Rxg6+ Kf7 29. Rf6+ Kg8 30. Ne6 Nd8 31. Rg6+ Kf7 32. Rg7# 1-0


[Site "https://www.chess.com"]

[Event "Titled Tuesday Blitz June 20 Late 2023"]
[White "Amburgy, Ryan"]
[Black "Novikov, Evgenij"]
[WhiteFideId "30924820"]
[BlackFideId "4125380"]
[WhiteElo "2134"]
[BlackElo "2242"]
[Result "0-1"]
[Round "7"]
[TimeControl "180+2"]
[Date "2023.06.20"]
[WhiteClock "0:00:02"]
[BlackClock "0:00:19"]
[Board "59"]

1. d4 Nf6 2. c4 e6 3. Nf3 Bb4+ 4. Nbd2 b6 5. a3 Be7 6. e4 d5 7. Bd3 Bb7 8. e5 Ne4 9. O-O O-O 10. Qc2 Nxd2 11. Bxd2 g6 12. c5 c6 13. b4 Ba6 14. Rfc1 Bxd3 15. Qxd3 a5 16. b5 bxc5 17. dxc5 cxb5 18. Nd4 Qc7 19. Nxb5 Qxe5 20. c6 Nxc6 21. f4 Qf6 22. Rab1 Rfc8 23. g3 h5 24. Bc3 Qf5 25. Qe3 Nd8 26. Bd4 Rab8 27. Re1 Rc2 28. Nd6 Qh3 29. Qf3 Qxh2+ 0-1


[Site "https://www.chess.com"]

[Event "Titled Tuesday Blitz June 20 Late 2023"]
[White "Haszon, David"]
[Black "Papasimakopoulos, Alexandros"]
[WhiteFideId "733610"]
[BlackFideId "4244125"]
[WhiteElo "2210"]
[BlackElo "2359"]
[Result "1-0"]
[Round "7"]
[TimeControl "180+2"]
[Date "2023.06.20"]
[WhiteClock "0:00:54"]
[BlackClock "0:00:19"]
[Board "60"]

1. d4 Nf6 2. Bf4 c5 3. e3 Qb6 4. Na3 cxd4 5. Qxd4 Qxd4 6. exd4 Nd5 7. Bg3 a6 8. Nf3 b5 9. O-O-O Nc6 10. Ne5 Bb7 11. Kb1 d6 12. Nxc6 Bxc6 13. f3 g6 14. c3 Bg7 15. Nc2 a5 16. Bd3 Kd7 17. Rhe1 Nb6 18. a3 Nc4 19. Bxc4 bxc4 20. Ne3 d5 21. Rd2 h5 22. Rde2 e6 23. Be5 f6 24. Bg3 h4 25. Bf2 g5 26. Ng4 Rae8 27. h3 Kd6 28. Bg1 Bd7 29. Bh2+ Ke7 30. Ne3 Kf7 31. Bc7 a4 32. Nc2 Rc8 33. Bd6 Bf8 34. Bxf8 Rcxf8 35. Nb4 Re8 36. Kc1 Rhg8 37. Na6 Bc8 38. Nc7 Rd8 39. Nxe6 Bxe6 40. Rxe6 Rd7 41. Ra6 Re7 42. Rxe7+ Kxe7 43. Rxa4 f5 44. Ra7+ Ke6 45. Ra6+ Ke7 46. Ra5 Ke6 47. Ra6+ Ke7 48. Rh6 g4 49. fxg4 fxg4 50. Rxh4 gxh3 51. Rxh3 Rxg2 52. Rh6 Kd7 53. a4 Rg1+ 54. Kc2 Ra1 55. Ra6 Kc7 56. Ra5 Kd6 57. Ra6+ Kd7 58. a5 Kc7 59. Kd2 Rb1 60. Kc2 Ra1 61. Ra7+ Kc6 62. a6 Ra5 63. Ra8 Kb6 64. Kd2 Ra2 65. Ke3 Kc6 66. a7 Kb7 67. Rd8 Kxa7 68. Rxd5 Rxb2 69. Rc5 Kb6 70. Rxc4 Rh2 71. Kd3 Rh3+ 72. Kc2 Kb5 73. Rc5+ Kb6 74. Kb3 Rh1 75. Kc4 Rb1 76. Rh5 Rg1 77. Rh6+ Kc7 78. Kc5 Ra1 79. d5 Ra5+ 80. Kd4 Ra1 81. c4 Kd7 82. Rh7+ Kd8 83. c5 Rd1+ 84. Ke5 Rg1 85. Rh8+ Kd7 86. c6+ Kc7 87. Rh7+ Kd8 88. Kd6 Ke8 89. Rh8+ Kf7 90. c7 Rg6+ 91. Kd7 Rg7 92. c8=Q Kf6+ 93. Kc6 Rg6 94. Qe6+ Kg7 95. Qxg6+ Kxh8 96. Qg1 Kh7 97. Kd6 Kh6 98. Ke6 Kh5 99. Kf6 Kh4 100. Kf5 Kh5 101. Qg5# 1-0


[Site "https://www.chess.com"]

[Event "Titled Tuesday Blitz June 20 Late 2023"]
[White "Kavyev, Ruslan"]
[Black "Suarez Uriel, Adrian"]
[WhiteFideId "34110981"]
[BlackFideId "22230874"]
[WhiteElo "2336"]
[BlackElo "2331"]
[Result "1/2-1/2"]
[Round "7"]
[TimeControl "180+2"]
[Date "2023.06.20"]
[WhiteClock "0:01:28"]
[BlackClock "0:00:50"]
[Board "61"]

1. e4 c5 2. Nf3 Nc6 3. d4 cxd4 4. Nxd4 g6 5. Nc3 Bg7 6. Be3 Nf6 7. Nxc6 bxc6 8. e5 Ng8 9. Bd4 Nh6 10. e6 O-O 11. exd7 Qxd7 12. Bxg7 Kxg7 13. Qxd7 Bxd7 14. Bc4 Rab8 15. O-O-O Bc8 16. Rhe1 Nf5 17. Bb3 Re8 18. g4 Nh4 19. h3 Ng2 20. Re4 g5 21. Ne2 h6 22. Nd4 Rb6 23. Ba4 Bb7 24. Nf5+ Kf8 25. Rd7 e6 26. Nxh6 Re7 27. Rxe7 Kxe7 28. Nf5+ Kf6 29. Nd6 c5 30. Nxb7 Rxb7 31. Rc4 Rc7 32. b4 Ke5 33. Rxc5+ Rxc5 34. bxc5 Nf4 35. Kd2 Nxh3 36. Ke3 f5 37. gxf5 exf5 38. Bc6 g4 39. c4 f4+ 40. Ke2 Ng5 41. Bd7 g3 42. fxg3 fxg3 43. c6 Kd6 44. c5+ Kc7 45. Ke3 a5 46. a4 Nf7 47. Kf3 Ne5+ 48. Kxg3 Nxd7 49. cxd7 Kxd7 50. Kf4 Kc6 51. Ke4 Kxc5 52. Kd3 Kb4 53. Kc2 Kxa4 54. Kb1 Kb3 55. Ka1 a4 56. Kb1 a3 57. Ka1 a2 1/2-1/2


[Site "https://www.chess.com"]

[Event "Titled Tuesday Blitz June 20 Late 2023"]
[White "Tomiello, Lucas Costamilan"]
[Black "Czerw, Dawid"]
[WhiteFideId "22701940"]
[BlackFideId "1145746"]
[WhiteElo "2116"]
[BlackElo "2144"]
[Result "0-1"]
[Round "7"]
[TimeControl "180+2"]
[Date "2023.06.20"]
[WhiteClock "0:01:23"]
[BlackClock "0:01:40"]
[Board "62"]

1. e4 c5 2. Nf3 Nc6 3. Bb5 e6 4. Bxc6 bxc6 5. b3 Ne7 6. Bb2 d6 7. e5 Nf5 8. exd6 Bxd6 9. O-O f6 10. d3 e5 11. Nbd2 O-O 12. Ne4 Bc7 13. Nxc5 Ne7 14. h3 Ng6 15. Re1 Nf4 16. d4 Qe8 17. dxe5 Qg6 18. g3 Nxh3+ 19. Kg2 fxe5 20. Qd3 Nf4+ 21. Kf1 Nxd3 0-1


[Site "https://www.chess.com"]

[Event "Titled Tuesday Blitz June 20 Late 2023"]
[White "Quiroga Jaquez, Angel Ivan"]
[Black "Lewtak, Damian"]
[WhiteFideId "5117801"]
[BlackFideId "1141724"]
[WhiteElo "2011"]
[BlackElo "2302"]
[Result "0-1"]
[Round "7"]
[TimeControl "180+2"]
[Date "2023.06.20"]
[WhiteClock "0:00:05"]
[BlackClock "0:00:12"]
[Board "63"]

1. d4 d5 2. c4 c6 3. cxd5 cxd5 4. Nf3 Nf6 5. Bf4 Qb6 6. Qc2 Nc6 7. Nc3 Ne4 8. e3 Bf5 9. Bd3 e6 10. O-O Nxc3 11. Bxf5 Nb5 12. Bd3 Nd6 13. a3 Be7 14. b4 h6 15. Rac1 O-O 16. Qc5 Rfd8 17. b5 Na5 18. Ne5 Rac8 19. Qb4 Bf8 20. Rxc8 Nxc8 21. Qb1 Nd6 22. Rc1 Nac4 23. a4 Nxe5 24. Bxe5 Rc8 25. Rxc8 Nxc8 26. Qc2 Qd8 27. a5 Bd6 28. Bxd6 Nxd6 29. a6 bxa6 30. bxa6 Qc8 31. Qc5 Qxc5 32. dxc5 Ne8 33. Bb5 Nc7 34. Bd3 Kf8 35. Kf1 Ke7 36. Ke2 Kd7 37. Kd2 Kc6 38. Kc3 Kxc5 39. e4 d4+ 40. Kb3 e5 41. g3 f6 42. f4 Kb6 43. Kc4 Nxa6 44. fxe5 fxe5 45. Bf1 Nc7 46. Bh3 Kc6 47. Bc8 Kd6 48. Kb4 Ne6 49. Kc4 Nc5 50. Kb4 Nxe4 0-1


[Site "https://www.chess.com"]

[Event "Titled Tuesday Blitz June 20 Late 2023"]
[White "Jaskolka, Tomasz"]
[Black "Kovalevsky, Stanislav"]
[WhiteFideId "1170791"]
[BlackFideId "13508598"]
[WhiteElo "2155"]
[BlackElo "2112"]
[Result "0-1"]
[Round "7"]
[TimeControl "180+2"]
[Date "2023.06.20"]
[WhiteClock "0:00:08"]
[BlackClock "0:00:45"]
[Board "64"]

1. d4 Nf6 2. Nc3 d5 3. Bf4 a6 4. e3 b5 5. Nf3 e6 6. Bd3 Bd6 7. Ne5 Bb7 8. O-O Ne4 9. Bxe4 dxe4 10. a4 b4 11. Ne2 g5 12. Bg3 h5 13. h3 Nc6 14. Nc4 Ne7 15. Nxd6+ cxd6 16. c3 a5 17. cxb4 axb4 18. Qd2 Qb6 19. Rfc1 Nf5 20. Bh2 Bd5 21. Qc2 O-O 22. Ng3 Rfc8 23. Qxc8+ Rxc8 24. Rxc8+ Kg7 25. Nxf5+ exf5 26. a5 Qa6 27. Rd8 f4 28. exf4 e3 29. fxg5 exf2+ 30. Kxf2 Qd3 31. Re8 Qxd4+ 32. Kf1 Qxb2 33. Rd1 Qxg2+ 34. Ke1 Qxh2 35. Re2 Qh1+ 36. Kd2 Qxh3 37. a6 Qc3# 0-1


[Site "https://www.chess.com"]

[Event "Titled Tuesday Blitz June 20 Late 2023"]
[White "julioramirezosio"]
[Black "Garcia Ramos, Daniel"]
[BlackFideId "32010311"]
[WhiteElo "2428"]
[BlackElo "2341"]
[Result "0-1"]
[Round "7"]
[TimeControl "180+2"]
[Date "2023.06.20"]
[WhiteClock "0:00:05"]
[BlackClock "0:00:43"]
[Board "65"]

1. d4 d5 2. c4 e6 3. Nf3 Nf6 4. g3 Bb4+ 5. Nbd2 dxc4 6. Bg2 b5 7. Ne5 c6 8. Nxc6 Nxc6 9. Bxc6+ Bd7 10. Bxa8 Qxa8 11. O-O h5 12. Nf3 Bc6 13. a4 Bxf3 14. exf3 h4 15. axb5 Qd5 16. Rxa7 Bd6 17. b6 hxg3 18. fxg3 Bb8 19. Bf4 Bxa7 20. bxa7 O-O 21. Qd2 Ra8 22. Ra1 Qxf3 23. Qg2 Qd5 24. Be5 Ne4 25. Bb8 Qxd4+ 26. Kf1 Nd2+ 27. Ke1 Qe3+ 28. Qe2 Nf3+ 29. Kd1 Qg1+ 30. Kc2 Nd4+ 31. Kd2 Qxa1 0-1


[Site "https://www.chess.com"]

[Event "Titled Tuesday Blitz June 20 Late 2023"]
[White "Subelj, Jan"]
[Black "Dilmukhametov, Artur"]
[WhiteFideId "14618583"]
[BlackFideId "24179922"]
[WhiteElo "2499"]
[BlackElo "2242"]
[Result "1-0"]
[Round "7"]
[TimeControl "180+2"]
[Date "2023.06.20"]
[WhiteClock "0:00:59"]
[BlackClock "0:00:12"]
[Board "66"]

1. e4 e6 2. Bb5 a6 3. Ba4 b5 4. Bb3 Bb7 5. d3 f5 6. exf5 exf5 7. Nf3 d5 8. O-O Nf6 9. Nd4 Qd7 10. Re1+ Be7 11. Ne6 Kf7 12. Bf4 Bd6 13. Qf3 Re8 14. Ng5+ Kg8 15. Nd2 h6 16. Rxe8+ Qxe8 17. Bxd6 cxd6 18. Nh3 Qe5 19. c3 g5 20. d4 Qe6 21. Kf1 Nbd7 22. Re1 Ne4 23. Nxe4 fxe4 24. Rxe4 Qg6 25. Re7 Rf8 26. Bxd5+ Bxd5 27. Qxd5+ Rf7 28. Qxf7+ Qxf7 29. Rxf7 Kxf7 30. f4 g4 31. Nf2 h5 32. Ke2 Ke6 33. Ke3 Nf6 34. g3 Nd5+ 35. Kd3 Nb6 36. b3 Nd5 37. Ne4 Ne7 38. c4 Nf5 39. d5+ Ke7 40. cxb5 axb5 41. a4 bxa4 42. bxa4 h4 43. a5 Kd7 44. Nf6+ Kc7 45. Nxg4 hxg3 46. hxg3 Nxg3 47. Ne3 Kb7 48. f5 Nh5 49. Ng4 Ka6 50. f6 Nf4+ 51. Ke4 Ng6 52. Kf5 Nf8 53. f7 Kxa5 54. Nf6 Kb5 55. Kg5 Kc4 56. Kh6 1-0


[Site "https://www.chess.com"]

[Event "Titled Tuesday Blitz June 20 Late 2023"]
[White "Xu, Yi"]
[Black "Wang, Isaac"]
[WhiteFideId "8605564"]
[BlackFideId "30977185"]
[WhiteElo "2460"]
[BlackElo "2415"]
[Result "1/2-1/2"]
[Round "7"]
[TimeControl "180+2"]
[Date "2023.06.20"]
[WhiteClock "0:00:04"]
[BlackClock "0:00:35"]
[Board "67"]

1. d4 d5 2. c4 c6 3. e3 Nf6 4. Nc3 Bf5 5. f3 e6 6. g4 Bg6 7. h4 h5 8. g5 Nfd7 9. e4 dxe4 10. fxe4 Bb4 11. Bd3 e5 12. d5 Nc5 13. Qe2 Nxd3+ 14. Qxd3 Na6 15. Be3 cxd5 16. cxd5 O-O 17. Nf3 f5 18. gxf6 Qxf6 19. O-O Nc5 20. Qc4 Bxc3 21. Bxc5 Bxb2 22. Rab1 Bd4+ 23. Nxd4 Qxh4 24. Rxf8+ Rxf8 25. Bxf8 Qg3+ 26. Kf1 Bxe4 27. Rb3 Qg2+ 28. Ke1 Bxd5 29. Qe2 Qxe2+ 30. Nxe2 Bxb3 31. Bd6 Bxa2 32. Bxe5 g5 33. Bf6 g4 34. Ng3 Kf7 35. Bd8 Kg6 36. Kd2 b5 37. Kc3 Bd5 38. Kb4 Bc4 39. Ka5 Bd3 40. Kb4 Kh6 41. Ka5 Kg6 42. Kb4 Kf7 43. Nxh5 Ke6 44. Nf4+ Kf5 45. Nxd3 Ke4 46. Nc5+ Kf3 47. Ne6 g3 48. Nd4+ Kf2 49. Bh4 Ke3 50. Nf5+ Kf4 51. Nxg3 Kg4 52. Nf5 Kxf5 53. Bf2 Ke4 54. Bxa7 Kd5 55. Kxb5 1/2-1/2


[Site "https://www.chess.com"]

[Event "Titled Tuesday Blitz June 20 Late 2023"]
[White "Turner, Max N"]
[Black "Goltsev, Dmitry"]
[WhiteFideId "447722"]
[BlackFideId "24176710"]
[WhiteElo "2157"]
[BlackElo "2356"]
[Result "0-1"]
[Round "7"]
[TimeControl "180+2"]
[Date "2023.06.20"]
[WhiteClock "0:02:26"]
[BlackClock "0:02:13"]
[Board "68"]

1. d4 Nf6 2. c4 e6 3. Nc3 Bb4 4. e3 b6 5. Ne2 Bb7 6. a3 Be7 7. d5 exd5 8. cxd5 O-O 9. Nf4 Bd6 10. Be2 a5 11. O-O Na6 12. Bf3 Nc5 13. Re1 Bxf4 14. exf4 d6 15. Be3 Qd7 16. g3 Qf5 17. Bd4 Rfe8 18. Qd2 Nb3 19. Qd1 Rxe1+ 0-1


[Site "https://www.chess.com"]

[Event "Titled Tuesday Blitz June 20 Late 2023"]
[White "Danielyan, Vahe"]
[Black "Jovic, Stanoje"]
[WhiteFideId "13304828"]
[BlackFideId "905020"]
[WhiteElo "2423"]
[BlackElo "2236"]
[Result "1/2-1/2"]
[Round "7"]
[TimeControl "180+2"]
[Date "2023.06.20"]
[WhiteClock "0:00:26"]
[BlackClock "0:00:11"]
[Board "69"]

1. e4 c6 2. d3 d5 3. Nd2 g6 4. h4 h6 5. h5 g5 6. Ne2 Bg7 7. Ng3 Nf6 8. e5 Nh7 9. d4 c5 10. c3 Nc6 11. Nb3 c4 12. Nd2 f6 13. exf6 Nxf6 14. Be2 e5 15. dxe5 Nxe5 16. Nf3 Nxf3+ 17. Bxf3 O-O 18. O-O Be6 19. Be3 Qd7 20. Bd4 b6 21. Re1 Rae8 22. a4 g4 23. Be2 Qf7 24. a5 Nxh5 25. Nxh5 Qxh5 26. Bxg7 Kxg7 27. Qd4+ Kg8 28. axb6 axb6 29. Ra7 Rf7 30. Bxg4 Qg6 31. Ra8 Rxa8 32. Rxe6 Ra1+ 33. Kh2 Qg7 34. Re8+ Rf8 35. Qxd5+ Kh8 36. Qd8 Qe5+ 37. Rxe5 Rxd8 38. Rb5 Rd2 39. Rxb6 Rxf2 40. Kg3 Rd2 41. Rxh6+ Kg7 42. Rb6 Ra2 43. Rb7+ Kf8 44. Rb8+ Kg7 45. Rb7+ Kf8 46. Rb8+ Kg7 47. Rc8 Raxb2 48. Bf3 Rdc2 49. Rxc4 Rb3 50. Rg4+ Kf6 51. Rf4+ Ke5 52. Re4+ Kf6 53. c4 Rbc3 54. Rf4+ Ke5 55. Re4+ Kf6 56. Rf4+ Ke5 57. Rf8 Rxc4 58. Re8+ Kf6 1/2-1/2


[Site "https://www.chess.com"]

[Event "Titled Tuesday Blitz June 20 Late 2023"]
[White "Ansh M Shah"]
[Black "Martinez Ramirez, Lennis"]
[WhiteFideId "25033379"]
[BlackFideId "3509079"]
[WhiteElo "2084"]
[BlackElo "2410"]
[Result "1-0"]
[Round "7"]
[TimeControl "180+2"]
[Date "2023.06.20"]
[WhiteClock "0:00:15"]
[BlackClock "0:00:35"]
[Board "70"]

1. d4 Nf6 2. c4 e6 3. g3 d5 4. Bg2 dxc4 5. Nf3 Nc6 6. O-O a6 7. a4 Rb8 8. Nc3 Bb4 9. Bg5 Bxc3 10. bxc3 h6 11. Bxf6 Qxf6 12. a5 O-O 13. Nd2 e5 14. e3 exd4 15. cxd4 b5 16. axb6 cxb6 17. Nxc4 b5 18. Na5 Nxa5 19. Rxa5 b4 20. Qa4 b3 21. Rb1 b2 22. Qc2 Bg4 23. Rxb2 Rfc8 24. Rxb8 Rxb8 25. h3 Bf3 26. Qa2 Rb6 27. Bxf3 Qxf3 28. Rxa6 Rb8 29. Qc2 h5 30. Rc6 g6 31. Rc8+ Rxc8 32. Qxc8+ Kg7 33. Qc5 h4 34. Qe5+ Kg8 35. Qf4 Qd1+ 36. Kg2 hxg3 37. Qxg3 Qd3 38. Qf3 Kg7 39. Qf4 f5 40. Qe5+ Kh6 41. Qh8+ Kg5 42. h4+ Kg4 43. f3# 1-0


[Site "https://www.chess.com"]

[Event "Titled Tuesday Blitz June 20 Late 2023"]
[White "Martins, Bruno Andre Leite"]
[Black "Pan, Kevin"]
[WhiteFideId "1942255"]
[BlackFideId "30915708"]
[WhiteElo "2241"]
[BlackElo "2233"]
[Result "1-0"]
[Round "7"]
[TimeControl "180+2"]
[Date "2023.06.20"]
[WhiteClock "0:01:02"]
[BlackClock "0:00:58"]
[Board "71"]

1. d4 d5 2. c4 e6 3. Nf3 Nf6 4. Qa4+ c6 5. Nc3 Nbd7 6. Bg5 Be7 7. e3 h6 8. Bh4 b6 9. Qxc6 Rb8 10. cxd5 Bb7 11. Qa4 Nxd5 12. Bxe7 Qxe7 13. Nxd5 Bxd5 14. Ne5 Kd8 15. Nxd7 Qxd7 16. Bb5 Qb7 17. f3 Bxf3 18. gxf3 Qxf3 19. Kd2 Ke7 20. Qa3+ Kd8 21. Qd6+ 1-0


[Site "https://www.chess.com"]

[Event "Titled Tuesday Blitz June 20 Late 2023"]
[White "Domingo Nunez, Ruben"]
[Black "Mattheii"]
[WhiteFideId "22245570"]
[WhiteElo "2404"]
[BlackElo "2482"]
[Result "0-1"]
[Round "7"]
[TimeControl "180+2"]
[Date "2023.06.20"]
[WhiteClock "0:00:01"]
[BlackClock "0:00:08"]
[Board "72"]

1. b3 d5 2. Bb2 c5 3. Nf3 Nc6 4. e3 Nf6 5. Bb5 Bd7 6. O-O e6 7. d4 cxd4 8. exd4 Bd6 9. h3 O-O 10. a3 Rc8 11. Re1 Ne4 12. Bd3 f5 13. c4 Be8 14. Nc3 Ne7 15. Rc1 Bc6 16. Qe2 Ng6 17. Qd1 Nf4 18. Bf1 Rf6 19. Ne5 Bxe5 20. Nxe4 fxe4 21. dxe5 Rg6 22. Rc3 d4 23. Rg3 d3 24. Rxg6 Nxg6 25. Qg4 Qe7 26. g3 Rf8 27. Bg2 Qf7 28. Rf1 Qf5 29. Qxf5 exf5 30. Re1 Re8 31. f4 exf3 32. Bf1 Be4 33. g4 Nxe5 34. gxf5 Bxf5 35. Kf2 d2 36. Rd1 Nd3+ 37. Bxd3 Bxd3 38. Rxd2 Re2+ 39. Rxe2 fxe2 40. Bd4 a6 41. c5 Kf7 42. b4 g6 43. Be5 Ke6 44. Bc3 Kd5 45. a4 Kc4 46. Be1 Kb3 47. a5 Kc2 48. Ke3 Kd1 49. Kf2 Bb5 50. Bc3 Kc2 51. Be1 Kd3 52. Kf3 Kd4 53. Bf2+ Kd3 54. Be1 h6 55. Kf4 Bd7 56. h4 Kc2 57. Ke3 Kd1 58. Kf2 g5 59. hxg5 hxg5 60. Bc3 g4 61. c6 Bxc6 62. Be1 g3+ 0-1


[Site "https://www.chess.com"]

[Event "Titled Tuesday Blitz June 20 Late 2023"]
[White "Rios Escobar, Adan"]
[Black "Principe, Gerson"]
[WhiteFideId "3403645"]
[BlackFideId "3804550"]
[WhiteElo "2474"]
[BlackElo "2229"]
[Result "0-1"]
[Round "7"]
[TimeControl "180+2"]
[Date "2023.06.20"]
[WhiteClock "0:00:00"]
[BlackClock "0:00:05"]
[Board "73"]

1. d4 Nf6 2. g3 e6 3. c4 d5 4. Bg2 Bb4+ 5. Nd2 Nc6 6. Nf3 dxc4 7. O-O c3 8. Nc4 cxb2 9. Bxb2 O-O 10. Qb3 a5 11. Rfd1 a4 12. Qc2 Be7 13. Ba3 Bd7 14. Rab1 Ra7 15. e4 Bxa3 16. Nxa3 Ne7 17. Ne5 b6 18. h4 Ne8 19. d5 exd5 20. exd5 Nd6 21. Nc6 Bxc6 22. dxc6 Qc8 23. Kh2 Qf5 24. Qd2 Ng6 25. Bh3 Qc5 26. Qe3 Qxe3 27. fxe3 Rd8 28. Rdc1 Ne5 29. Bd7 Nxd7 30. cxd7 Rxd7 31. Rd1 g6 32. e4 Ra5 33. Nc4 Rc5 34. e5 Rxc4 35. exd6 Rxd6 36. Rxd6 cxd6 37. Rxb6 Rc2+ 38. Kh3 d5 39. Rd6 Rd2 40. Ra6 Rxa2 41. Ra5 d4 42. Rd5 Rd2 43. Ra5 Kg7 44. Rxa4 h5 45. Ra6 Kf8 46. Ra7 Kg7 47. Rd7 Kf6 48. Rd5 Ke6 49. Rd8 Ke5 50. Rd7 f6 51. g4 Rd3+ 52. Kg2 hxg4 53. Rg7 Kf5 54. Rd7 Kf4 55. Rg7 Rd2+ 56. Kf1 Kf5 57. Rd7 Rh2 58. Rd5+ Ke4 59. Rd6 f5 60. Rxg6 Rxh4 61. Rd6 Rh2 62. Kg1 Ra2 63. Rd8 d3 64. Re8+ Kf3 65. Rd8 d2 0-1


[Site "https://www.chess.com"]